 Dungeon Crawl Stone Soup version 0.23-a0-183-gf37f6fb109 (webtiles) character file.

32 Banto the Poker (level 3, -4/27 HPs)
             Began as a Demonspawn Gladiator on Sept 21, 2018.
             Slain by a hippogriff (6 damage)
             ... on level 2 of the Dungeon.
             The game lasted 00:01:24 (1104 turns).

Banto the Poker (Demonspawn Gladiator)              Turns: 1104, Time: 00:01:25

Health: -4/27      AC: 10    Str: 15    XL:     3   Next: 8%
Magic:  3/3        EV: 11    Int:  9    God:
Gold:   79         SH:  0    Dex: 14    Spells: 2/2 levels left

rFire    . . .     SeeInvis .   a - +0 trident
rCold    . . .     Gourm    +   (no shield)
rNeg     . . .     Faith    .   k - +0 ring mail
rPois    .         Spirit   .   c - +1 helmet
rElec    .         Reflect  .   (no cloak)
rCorr    .         Harm     .   m - +2 pair of gloves
MR       .....                  (no boots)
Stlth    +.........             g - amulet of the gourmand
HPRegen  0.09/turn              (no ring)
MPRegen  0.08/turn              (no ring)

@: no status effects
A: talons 1, rot immunity
a: no special abilities


You were on level 2 of the Dungeon.
You were completely stuffed.

You visited 1 branch of the dungeon, and saw 2 of its levels.

You collected 79 gold pieces.

Inventory:

Hand Weapons
 a - a +0 trident (weapon)
Missiles
 d - a throwing net (quivered)
Armour
 c - a +1 helmet (worn)
 k - a +0 ring mail (worn)
 m - a +2 pair of gloves (worn)
Jewellery
 g - an amulet of the gourmand (around neck)
Scrolls
 i - 2 scrolls of amnesia
Potions
 b - a potion of haste {unknown}
 e - a potion of curing
 h - 2 potions of agility {unknown}
 j - a potion of heal wounds {unknown}
 l - 2 potions of ambrosia {unknown}
 n - 2 potions of cancellation {unknown}
Comestibles
 f - 6 rations


   Skills:
 - Level 2.0 Fighting
 + Level 3.9 Polearms
 - Level 1.7 Throwing
 - Level 2.6 Dodging


You had 2 spell levels left.
You didn't know any spells.
Your spell library was empty.

Dungeon Overview and Level Annotations

Branches:
Dungeon (2/15)

Altars:


Innate Abilities, Weirdness & Mutations

You have sharp toenails.
You are immune to rotting.


Message History

You hit the hippogriff.
The hippogriff is severely wounded.
The hippogriff struggles against the net.
You hit the hippogriff. You claw the hippogriff.
The hippogriff is almost dead.
The hippogriff struggles against the net.
The net rips apart, and the hippogriff comes free!
You hit the hippogriff.
The hippogriff is almost dead.
The hippogriff bites you.
The hippogriff pecks you but does no damage.
The hippogriff closely misses you.
You take 6 damage, and have 12/27 hp.
MASSIVE DAMAGE!!
You hit the hippogriff.
The hippogriff is almost dead.
The hippogriff bites you. The hippogriff barely misses you.
The hippogriff claws you!
* * * LOW HITPOINT WARNING * * *
The hippogriff closely misses you. The hippogriff pecks you.
You die...

.......###.######.###########.###
.................................
.....#####.#######..######......#
#.#### #...# ##..#####......# #.#
##.### ##...##.(.....# #.# ##..#
########..........# #.# #..##
#(.##.....######.## #.## #.##
#?.##.##.#### #... #..###.#
#.@#..##....####..# ##..##.#
##..H...<..........# ###....#
#....(######.####).# # ##..)##
####### #.....####.# # ###...#
.....###...##.# ###.....# ....
###....# .##.....# ... ####.#
........#### #### ## #..
.#.........###..# #.#


You could see a hippogriff.

Vanquished Creatures
  An ooze (D:1)
  3 giant cockroaches
  6 goblins
  4 hobgoblins
  3 bats
  5 frilled lizards
  3 kobolds (D:1)
  2 rats
27 creatures vanquished.

Notes
Turn   | Place    | Note
-------+----------+-------------------------------------------
     0 | D:1      | Banto the Demonspawn Gladiator began the quest for the Orb.
     0 | D:1      | Reached XP level 1. HP: 16/16 MP: 1/1
   122 | D:1      | Reached skill level 3 in Polearms
   217 | D:1      | Gained mutation: You are immune to rotting. [demonic
                  | ancestry]
   217 | D:1      | Reached XP level 2. HP: 22/22 MP: 2/2
   748 | D:2      | Gained mutation: You have sharp toenails. [demonic
                  | ancestry]
   748 | D:2      | Reached XP level 3. HP: 27/27 MP: 3/3
  1064 | D:2      | Noticed a hippogriff
  1104 | D:2      | Slain by a hippogriff

Vault maps used:
D:1:      minmay_arrival_semitransparent, minmay_misc_feat_room,
          hangedman_decor_lopped
D:2:      lemuel_blue_sif_altar, marbit_many_paths, first_ration

Skill      XL: |  1 |
---------------+----+-----
Polearms       | 3 |  3.9
Fighting       | |  2.0
Throwing       | |  1.7
Dodging        | |  2.6

Action                   || total
-------------------------++-------
Melee: Trident           ||   103
       Kick              ||     6
Throw: Throwing net      ||     2
  Use: Scroll            ||     3
 Stab: Sleeping          ||     1
  Eat: Chunk             ||     9
Armor: Ring mail         ||    40
Dodge: Dodged            ||    40

Table legend:
 A = Non-vault XP
 B = Vault XP
 C = Vault XP percentage of total XP
 D = Non-vault monster count
 E = Vault monster count
 F = Vault count percentage of total count
                 A         B        C        D         E       F
            +---------+---------+-------+---------+---------+-------
      Total |      46 |       0 |   0.0 |      27 |       0 |   0.0
            +---------+---------+-------+---------+---------+-------
        D:1 |      31 |       0 |   0.0 |      17 |       0 |   0.0
        D:2 |      15 |       0 |   0.0 |      10 |       0 |   0.0
            +---------+---------+-------+---------+---------+-------

Table legend:
 A = Turns spent in this place as a percentage of turns spent in the entire game.
 B = Non-inter-level travel turns spent in this place as a percentage of non-inter-level travel turns spent in the entire game.
 C = Inter-level travel turns spent in this place as a percentage of turns spent in this place.
 D = Turns resting spent in this place as a percentage of non-inter-level travel turns spent in this place.
 E = Turns spent auto-exploring this place as a percentage of non-inter-level travel turns spent in this place.
 F = Non-inter-level travel turns spent in this place divided by the number of levels of this place that you've seen.
                   A       B       C       D       E      F
               +-------+-------+-------+-------+-------+----------------------
         Total | 100.0 | 100.0 |   2.3 |   0.0 |  76.3 | 539.5
       Dungeon | 100.0 | 100.0 |   2.3 |   0.0 |  76.3 | 539.5
               +-------+-------+-------+-------+-------+----------------------

Table legend:
 A = Kills in this place as a percentage of kills in entire the game.
 B = Kills by you in this place as a percentage of kills by you in the entire game.
 C = Kills by friends in this place as a percentage of kills by friends in the entire game.
 D = Other kills in this place as a percentage of other kills in the entire game.
 E = Experience gained in this place as a percentage of experience gained in the entire game.
 F = Experience gained in this place divided by the number of levels of this place that you have seen.
                   A       B       C       D       E      F
               +-------+-------+-------+-------+-------+----------------------
         Total | 100.0 | 100.0 |   N/A |   N/A | 100.0 |  23.0
       Dungeon | 100.0 | 100.0 |   N/A |   N/A | 100.0 |  23.0
               +-------+-------+-------+-------+-------+----------------------
